 Dungeon Crawl Stone Soup version 0.28-a0-662-g1651b1f1e0 (webtiles) character file.

Game seed: 15749131384284343857

56 Irenicus the Digger (level 3, -1/28 HPs)
             Began as a Deep Dwarf Earth Elementalist on Oct 14, 2021.
             Slain by an ice beast (10 damage)
             ... on level 3 of the Dungeon.
             The game lasted 00:06:27 (1043 turns).

Irenicus the Digger (Deep Dwarf Earth Elementalist) Turns: 1043, Time: 00:06:28

Health: -1/28      AC:  3    Str: 11    XL:     3   Next: 71%
Magic:  2/5        EV: 11    Int: 16    God:
Gold:   38         SH:  0    Dex: 13    Spells: 2/5 levels left

rFire   . . .      SeeInvis .   h - +0 dagger
rCold   . . .      Faith    .   (no shield)
rNeg    . . .      Spirit   .   d - +0 leather armour
rPois   .          Reflect  .   (no helmet)
rElec   .          Harm     .   (no cloak)
rCorr   .          Rampage  .   (no gloves)
Will    .....                   (no boots)
Stlth   ++........              (no amulet)
HPRegen 0.00/turn               (no ring)
MPRegen 0.09/turn               (no ring)

@: no status effects
A: damage resistance, heal wounds, sense surroundings 1, no regeneration
a: Heal Wounds


You were on level 3 of the Dungeon.
You visited 1 branch of the dungeon, and saw 3 of its levels.

You collected 38 gold pieces.


Innate Abilities, Weirdness & Mutations

You are resistant to damage.
You can heal yourself by infusing magical energy.
You passively map a small area around you.
You do not regenerate.


   Skills:
 - Level 2.1 Dodging
 - Level 2.4 Stealth
 - Level 1.7 Spellcasting
 - Level 0.8 Transmutations
 + Level 6.3 Earth Magic


You had 2 spell levels left.
You knew the following spells:

 Your Spells              Type           Power      Damage    Failure   Level
w - Passwall              Tmut/Erth      10%        N/A       10%         2
z - Sandblast             Erth           42%        2d11      1%          1

Your spell library contained the following spells:

 Spells                   Type           Power      Damage    Failure   Level
 Shock                    Conj/Air       4%         1d3       28%         1
 Stone Arrow              Conj/Erth      22%        3d8       22%         3
 Petrify                  Tmut/Erth      12%        N/A       54%         4
 Swiftness                Air            1%         N/A       63%         3
 Airstrike                Air            0%         N/A       95%         4
 Metabolic Englaciation   Hex/Ice        0%         N/A       100%        5
 Statue Form              Tmut/Erth      8%         N/A       100%        6

Inventory:

Hand Weapons
 h - a +0 dagger (weapon)
Missiles
 c - 5 stones
 j - 2 silver javelins
Armour
 d - a +0 leather armour (worn)
Scrolls
 a - 2 scrolls of blinking {unknown}
 b - 2 scrolls of teleportation {unknown}
 e - a scroll of identify {unknown}
 i - a scroll of acquirement {unknown}
Potions
 f - a potion of heal wounds {unknown}
 g - a potion of berserk rage {unknown}
 k - 2 potions of curing {unknown}

Dungeon Overview and Level Annotations

Branches:
Dungeon (3/15)

Altars:
Xom

#.......# #.#####.#
##### #####.# #.#
....# #...#.#####.#
###.## #.#......##.#
..#..###...#.##.##.#
#.........##.##.##.#
.......#####.##.##.#
###...## #....@..#
##.## ####Y#### #.#
***#. #.# * .. *
#+## #..* ##...##
... , ##...).##
,##.# , #.......##
*#. .........#


You could see an ice beast.


Message History

You are no longer poisoned.
You hear the slow rusting of a very distant drain.
An ice beast comes into view.
You closely miss the ice beast.
Casting: Passwall (safe; 10% risk of failure)
Confirm with . or Enter, or press ? or * to list all spells.
Aiming: Sandblast (safe; 1% risk of failure)
Press: ? - help, Shift-Dir - straight line, f - ice beast
Aim: an ice beast (81% to hit)
The blast of sand hits the ice beast!
The ice beast is moderately wounded.
The ice beast hits you. The ice beast freezes you!
Casting: Sandblast (safe; 1% risk of failure)
Confirm with . or Enter, or press ? or * to list all spells.
Aiming: Sandblast (safe; 1% risk of failure)
Press: ? - help, Shift-Dir - straight line, f/p - ice beast
Aim: an ice beast (moderately wounded, 81% to hit)
The blast of sand hits the ice beast but does no damage.
The ice beast is moderately wounded.
The ice beast hits you. The ice beast freezes you!
* * * LOW HITPOINT WARNING * * *
Casting: Sandblast (safe; 1% risk of failure)
Confirm with . or Enter, or press ? or * to list all spells.
Aiming: Sandblast (safe; 1% risk of failure)
Press: ? - help, Shift-Dir - straight line, f/p - ice beast
Aim: an ice beast (moderately wounded, 81% to hit)
The blast of sand hits the ice beast but does no damage.
The ice beast is moderately wounded.
The ice beast hits you. The ice beast freezes you!
You die...

Skill      XL: |  1  2  3 |
---------------+----------+-----
Earth Magic    | 5 6 |  6.3
Dodging        | |  2.1
Stealth        | |  2.4
Spellcasting   | |  1.7
Transmutations | |  0.8

Action                   || total
-------------------------++-------
Melee: Unarmed           ||     3
       Dagger            ||    15
 Cast: Sandblast         ||    34
       Passwall          ||     3
 Stab: Sleeping          ||     1
Armor: Leather armour    ||     6
Dodge: Dodged            ||    19

Levels and vault maps discovered:
D:1:      elethiomel_arrival_infinity_welcomes_careful_drivers, layout_rooms,
          serial_forest, infiniplex_forest_corner_2, infiniplex_forest_end_2,
          infiniplex_forest_corner_2, infiniplex_forest_join,
          infiniplex_forest_end_2, infiniplex_forest_lined_corner,
          infiniplex_forest_split, infiniplex_forest_straight_1,
          chequers_ecumenical_altar_twisty
D:2:      layout_loops_ring, basic_altar
D:3:      layout_loops_corners, nicolae_dithmenos_through_a_glass_darkly,
          cheibrodos_sewer_entry_drain, uniq_terence

Notes
Turn   | Place    | Note
-------+----------+-------------------------------------------
     0 | D:1      | Irenicus the Deep Dwarf Earth Elementalist began the quest
                  | for the Orb.
     0 | D:1      | Reached XP level 1. HP: 15/15 MP: 3/3
   355 | D:1      | Found a faded altar of an unknown god.
   380 | D:1      | Reached XP level 2. HP: 20/22 MP: 2/4
   520 | D:1      | Learned a level 2 spell: Passwall
   753 | D:2      | Reached skill level 5 in Earth Magic
   872 | D:2      | Reached XP level 3. HP: 26/28 MP: 2/5
   882 | D:2      | Found a shimmering altar of Xom.
   970 | D:3      | Reached skill level 6 in Earth Magic
  1039 | D:3      | Noticed an ice beast
  1043 | D:3      | Slain by an ice beast

Vanquished Creatures
  4 adders
  A ball python (D:1)
  3 endoplasms
  A hobgoblin (D:1)
  4 jackals (D:2)
  A frilled lizard (D:1)
  3 goblins
  3 kobolds
  A rat (D:1)
21 creatures vanquished.

Vanquished Creatures (others)
  A plant (D:1)
1 creature vanquished.

Grand Total: 22 creatures vanquished

Table legend: (Time is in decaauts)
 A = Elapsed time spent in this place.
 B = Non-inter-level travel time spent in this place.
 C = Inter-level travel time spent in this place.
 D = Time resting spent in this place.
 E = Time spent auto-exploring this place.
 F = Levels seen in this place.
 G = Mean time per level.
                   A        B        C        D        E       F      G
               +--------+--------+--------+--------+--------+-----+--------+
         Total |   1041 |    959 |     82 |      0 |     58 |   3 |  347.0 |
       Dungeon |   1041 |    959 |     82 |      0 |     58 |   3 |  347.0 |
               +--------+--------+--------+--------+--------+-----+--------+

Top non-repeatable levels by time:
     D:1: 609 daAuts
     D:2: 347 daAuts
     D:3: 85 daAuts

Table legend:
 A = Non-vault XP
 B = Vault XP
 C = Vault XP percentage of total XP
 D = Non-vault monster count
 E = Vault monster count
 F = Vault count percentage of total count
                 A         B        C        D         E       F
            +---------+---------+-------+---------+---------+-------
      Total |      81 |       0 |   0.0 |      21 |       0 |   0.0
            +---------+---------+-------+---------+---------+-------
        D:1 |      13 |       0 |   0.0 |       9 |       0 |   0.0
        D:2 |      42 |       0 |   0.0 |      10 |       0 |   0.0
        D:3 |      26 |       0 |   0.0 |       2 |       0 |   0.0
            +---------+---------+-------+---------+---------+-------
